Map: Ruins of Seras

Players

Guru - Winner!

  • Race: Zerg Zerg
  • League: Diamond

Zanster

  • Race: Zerg Zerg

Event: Homestory Cup XII

VOD

Have the link to the VOD?

Description

Time

  • Played on: Dec. 17, 2015, 11 a.m.
  • Length: 15:51

All games in this series

Show
View Real Time Build Order
Export as new Build Order

Guru Zerg - Winner!

Build Orders: Hatch First, Lurkers 

Get SALT Encoding   

  12  0:01  Drone  
  13  0:12  Overlord  
  13  0:18  Drone  
  14  0:31  Drone x2  
  16  0:35  Drone  
  17  0:54  Hatchery  
  17  0:56  Drone  
  17  1:10  Spawning Pool  
  16  1:12  Extractor  
  16  1:14  Drone  
  16  1:18  Drone  
  17  1:22  Drone  
  18  1:28  Drone  
  19  1:39  Overlord  
  19  1:56  Queen  
  19  1:57  Zergling x2  
  22  2:05  Spine Crawler  
  22  2:07  Baneling Nest  
  20  2:09  Queen  
  20  2:13  Zergling x2  
  20  2:15  Zergling x2  
  24  2:19  Zergling x2  
  25  2:23  Zergling x2  
  25  2:27  Zergling x2  
  25  2:29  Zergling x2  
  28  2:34  Zergling x2  
  29  2:46  Zergling x4  
  31  2:52  Baneling x2  
  31  2:53  Baneling  
  31  2:54  Zergling x4  
  28  3:10  Drone x2  
  28  3:11  Drone  
  30  3:19  Drone  
  28  3:22  Drone  
  28  3:24  Baneling  
  28  3:31  Drone  
  29  3:39  Drone x2  
  28  3:42  Drone x2  
  28  3:43  Drone  
  28  3:45  Zergling x2  
  28  3:48  Drone  
  33  3:55  Roach Warren  
  32  3:57  Queen  
  32  4:00  Drone x2  
  36  4:05  Baneling  
  36  4:09  Overlord  
  36  4:26  Overlord  
  36  4:27  Drone x3  
  36  4:28  Drone x4  
  43  4:32  Overlord  
  43  4:36  Drone  
  43  4:42  Extractor x2  
  43  4:43  Overlord  
  41  4:46  Roach x3  
  47  4:55  Evolution Chamber  
  50  5:00  Roach x3  
  50  5:03  Roach  
  50  5:04  Drone  
  50  5:05  Drone  
  56  5:09  Drone x2  
  56  5:10  Drone x2  
  60  5:20  Drone  
  60  5:21  Zerg Missile Weapons Level 1  
  61  5:22  Drone  
  62  5:31  Drone  
  62  5:32  Drone  
  64  5:37  Lair  
  64  5:43  Hatchery  
  64  5:47  Drone x2, Extractor  
  64  5:48  Drone x2  
  66  5:51  Overlord  
  66  5:53  Drone  
  66  5:55  Overlord  
  67  5:58  Overlord  
  67  6:08  Overlord  
  67  6:14  Ravager x3  
  67  6:15  Ravager  
  67  6:16  Drone x2  
  67  6:17  Roach  
  67  6:18  Roach x2  
  77  6:20  Drone x2  
  77  6:25  Drone  
  82  6:30  Drone  
  83  6:33  Drone x3  
  83  6:38  Overseer  
  83  6:39  Glial Reconstitution  
  86  6:42  Overlord  
  86  6:43  Drone x2  
  86  6:44  Drone  
  89  6:51  Drone  
  90  6:55  Drone  
  90  6:56  Drone  
  92  7:04  Roach x3  
  92  7:05  Roach x2  
  92  7:07  Roach x4  
  110  7:13  Extractor x2  
  108  7:17  Roach x2  
  108  7:18  Roach  
  114  7:23  Zerg Missile Weapons Level 2  
  114  7:31  Overlord x2  
  114  7:34  Overlord  
  114  7:36  Overlord  
  114  7:42  Hatchery  
  114  7:44  Overlord x2  
  113  7:45  Drone  
  113  7:50  Roach x3  
  113  7:51  Roach x2  
  124  7:56  Roach  
  124  7:58  Ravager x5  
  129  8:00  Roach x2  
  129  8:02  Roach  
  129  8:03  Roach  
  129  8:04  Roach  
  141  8:10  Roach x2  
  141  8:11  Roach x3  
  141  8:12  Roach  
  153  8:15  Roach  
  153  8:18  Roach x2  
  159  8:20  Roach  
  159  8:23  Drone  
  159  8:26  Overlord  
  162  8:30  Overlord  
  162  8:32  Overlord  
  162  8:44  Roach x2  
  162  8:46  Roach x2  
  170  8:50  Roach x6  
  182  9:00  Roach x5  
  183  9:06  Roach  
  183  9:10  Roach x2  
  183  9:12  Roach  
  183  9:13  Overlord, Roach  
  191  9:18  Drone  
  191  9:22  Overlord  
  192  9:24  Overlord  
  192  9:34  Spine Crawler  
  192  9:37  Ravager, Spine Crawler  
  191  9:38  Overlord  
  191  9:39  Zerg Ground Armor Level 1  
  191  9:42  Roach x2  
  191  9:45  Ravager x5  
  200  10:14  Hatchery  
  195  10:21  Roach  
  195  10:22  Roach x2  
  195  10:24  Drone  
  200  10:28  Hydralisk Den  
  193  10:36  Roach x4  
  193  10:37  Roach  
  193  10:38  Roach  
  193  10:39  Roach  
  193  10:41  Roach x2  
  193  10:42  Roach x3  
  192  10:48  Roach x11  
  196  10:54  Roach x2  
  196  10:55  Roach  
  200  11:15  Pneumatized Carapace  
  200  11:19  Lurker Den  
  200  11:33  Hatchery  
  197  11:52  Roach x3  
  197  11:53  Roach  
  198  11:56  Roach x2  
  189  12:02  Roach x3  
  189  12:04  Drone x4  
  189  12:05  Roach x5  
  189  12:06  Roach x2  
  197  12:09  Roach x3  
  188  12:17  Roach x2  
  188  12:18  Drone x2, Roach x2  
  188  12:20  Roach  
  189  12:26  Roach  
  177  12:35  Hydralisk x3  
  177  12:37  Hydralisk  
  173  12:44  Hydralisk x2  
  173  12:45  Hydralisk  
  166  12:52  Hydralisk x3  
  166  12:53  Hydralisk  
  168  13:00  Drone x2  
  168  13:02  Lurker  
  154  13:18  Lurker x2  
  143  13:21  Lurker x3  
  142  13:30  Lurker x3  
  142  13:31  Drone x5  
  150  13:40  Drone x4  
  154  13:41  Drone  
  155  14:00  Drone x6  
  155  14:01  Drone x3  
  155  14:02  Roach  
  166  14:12  Burrow, Roach  
  166  14:15  Roach x2  
  172  14:19  Roach x2  
  172  14:20  Drone x3  
  179  14:25  Roach  
  179  14:26  Roach  
  179  14:31  Roach x2  
  187  14:37  Roach x3  
  181  14:56  Roach x9  
  181  14:58  Roach  
  169  15:00  Roach  
  169  15:01  Roach  
  158  15:07  Roach x2  
  158  15:08  Roach  
  122  15:21  Roach x2  
  122  15:22  Roach x5  
Show
View Real Time Build Order
Export as new Build Order

Zanster Zerg 

Build Orders: Pool First, Lurkers 

Get SALT Encoding   

  12  0:00  Drone  
  13  0:08  Drone  
  14  0:17  Drone, Extractor  
  14  0:33  Spawning Pool  
  13  0:36  Drone  
  14  0:45  Overlord  
  14  0:52  Drone, Extractor  
  15  1:06  Drone  
  16  1:20  Metabolic Boost, Queen  
  16  1:24  Zergling x2  
  19  1:28  Zergling x2  
  19  1:32  Zergling x2  
  21  1:35  Zergling x2  
  22  1:48  Baneling Nest, Zergling x2  
  22  1:57  Overlord  
  22  2:19  Zergling x2  
  22  2:20  Zergling x2  
  24  2:30  Zergling x6  
  24  2:35  Baneling x2  
  27  2:44  Hatchery  
  26  2:46  Zergling x2  
  27  2:52  Baneling  
  24  3:07  Queen  
  24  3:08  Drone  
  24  3:10  Drone  
  27  3:13  Drone  
  27  3:17  Drone  
  28  3:22  Drone  
  26  3:35  Overlord  
  26  3:39  Drone  
  26  3:40  Drone  
  25  3:42  Drone x2  
  25  3:46  Zergling x2  
  28  3:57  Zergling x4  
  30  4:05  Evolution Chamber  
  30  4:07  Drone  
  30  4:09  Drone  
  31  4:14  Drone x2  
  31  4:15  Drone  
  34  4:18  Drone  
  34  4:20  Drone  
  36  4:28  Drone  
  36  4:31  Overlord, Drone  
  37  4:32  Drone  
  37  4:38  Zerg Missile Weapons Level 1  
  38  4:39  Drone  
  38  4:43  Zergling x2  
  38  4:45  Drone x2  
  42  4:47  Drone  
  42  4:51  Drone  
  44  4:58  Drone  
  45  5:04  Overlord  
  45  5:06  Drone  
  46  5:09  Lair  
  46  5:11  Roach Warren  
  46  5:12  Extractor  
  46  5:13  Extractor  
  43  5:14  Drone  
  43  5:15  Drone x3  
  43  5:17  Drone  
  43  5:19  Drone  
  48  5:22  Drone  
  48  5:27  Overlord  
  48  5:41  Drone x3  
  48  5:42  Drone  
  52  5:48  Extractor  
  52  5:49  Hatchery, Drone x2  
  52  5:52  Roach x2  
  52  5:56  Roach x2  
  60  6:01  Overlord  
  60  6:05  Roach  
  62  6:13  Queen  
  62  6:14  Roach x2  
  62  6:17  Overlord x2  
  68  6:19  Overseer  
  68  6:24  Roach x2  
  72  6:27  Overlord  
  72  6:29  Roach  
  74  6:34  Zerg Missile Weapons Level 2  
  74  6:36  Glial Reconstitution  
  74  6:41  Overlord  
  74  6:44  Drone  
  74  6:45  Drone x2  
  74  6:46  Drone  
  78  6:48  Drone  
  78  6:49  Drone  
  78  6:53  Drone x2  
  82  6:56  Drone  
  82  6:57  Drone  
  82  7:00  Drone x2  
  86  7:08  Overlord  
  86  7:12  Drone x2  
  86  7:13  Drone x3  
  91  7:17  Extractor  
  91  7:18  Overlord  
  91  7:19  Overlord  
  91  7:21  Ravager x3  
  91  7:22  Ravager  
  94  7:26  Roach  
  94  7:27  Roach x2  
  94  7:28  Roach  
  102  7:34  Overlord  
  102  7:36  Roach  
  106  7:37  Roach  
  106  7:49  Roach x8  
  122  7:54  Overlord  
  122  7:55  Overlord  
  122  7:58  Roach  
  124  8:00  Roach x3  
  124  8:04  Overlord  
  130  8:09  Overlord  
  130  8:11  Overlord  
  130  8:15  Overlord  
  130  8:17  Overlord  
  129  8:21  Roach  
  129  8:24  Roach x3  
  139  8:27  Ravager x3  
  139  8:28  Overlord  
  139  8:30  Ravager x2  
  139  8:31  Ravager x2  
  139  8:32  Ravager  
  139  8:33  Roach x2  
  149  8:45  Roach x7  
  149  8:47  Overlord  
  163  8:52  Roach  
  165  9:00  Roach  
  165  9:01  Roach x5  
  177  9:04  Overlord  
  177  9:06  Ravager, Queen  
  175  9:11  Roach x4  
  175  9:12  Overlord  
  183  9:18  Hatchery  
  183  9:21  Roach x2  
  186  9:27  Zerg Ground Armor Level 1  
  186  9:28  Roach  
  188  9:44  Roach  
  188  9:45  Roach x5  
  200  9:55  Extractor  
  200  9:58  Hydralisk Den  
  196  10:21  Overlord x3  
  196  10:22  Overlord, Overseer  
  196  10:25  Overlord  
  196  10:26  Lurker Den  
  188  10:37  Hatchery  
  157  10:46  Roach  
  157  10:47  Roach x13  
  167  10:55  Drone  
  167  10:56  Drone x2  
  162  10:57  Roach  
  162  10:58  Roach x8  
  162  11:01  Queen  
  180  11:15  Roach x7  
  194  11:33  Roach  
  194  11:34  Roach x2  
  195  11:49  Roach  
  195  11:50  Roach x5  
  193  12:05  Burrow  
  193  12:07  Hydralisk  
  193  12:08  Hydralisk x4  
  177  12:15  Hydralisk  
  175  12:16  Drone  
  175  12:17  Drone x8  
  175  12:18  Roach  
  175  12:19  Roach x8  
  175  12:21  Roach  
  174  12:37  Lurker  
  174  12:38  Lurker x4  
  174  12:40  Roach x7  
  168  12:59  Hatchery  
  168  13:04  Roach x4  
  148  13:24  Roach x5  
  148  13:25  Roach x2  
  160  13:39  Roach x5  
  170  13:43  Roach x2  
  172  13:54  Roach x5  
  182  13:56  Overseer  
  182  13:58  Overseer  
  182  14:08  Roach x2  
  182  14:09  Drone x17  
  186  14:24  Roach  
  184  14:27  Hatchery  
  154  15:17  Roach x8  
  154  15:18  Roach  
  124  15:25  Roach  
  110  15:28  Drone x21  
Tags
 
Add a new tag
Caveats
  • Supply blocks, unpowered buildings, or Contaminate may cause inaccurate times.
  • Supply counts are checked every 10 seconds.